 Dungeon Crawl Stone Soup version 0.27-a0-869-g165b36e3f0 (webtiles) character file.

Game seed: 2649797317042738577

230 voltaire321 the Insei (level 6, -1/41 HPs)
             Began as an Octopode Transmuter on Apr 2, 2021.
             Slain by a scorpion (8 damage)
             ... on level 3 of the Dungeon on Apr 3, 2021.
             The game lasted 00:09:47 (2855 turns).

voltaire321 the Insei (Octopode Transmuter)         Turns: 2855, Time: 00:09:47

Health: -1/41      AC:  1    Str: 10    XL:     6   Next: 3%
Magic:  10/10      EV: 13    Int: 15    God:
Gold:   106        SH:  4    Dex: 14    Spells: 4/10 levels left

rFire    . . .     SeeInvis .     - Unarmed
rCold    . . .     Faith    .   i - +0 buckler
rNeg     . . .     Spirit   .   (helmet currently unavailable)
rPois    .         Reflect  .   (no amulet)
rElec    .         Harm     .   (no ring)
rCorr    .         Rampage  .   (no ring)
Will     .....                  (no ring)
Stlth    ++........             (no ring)
HPRegen  0.13/turn              (no ring)
MPRegen  0.12/turn              (no ring)
                                (no ring)
                                (no ring)

@: lethally poisoned (-1 -> -10), appendages (expiring)
A: tentacle spike 3, almost no armour, amphibious, 8 rings, camouflage 1,
gelatinous body 1, (nimble swimmer 1), tentacles
a: End Transformation


You were on level 3 of the Dungeon.
One of your tentacles had grown a beastly spike.
You visited 1 branch of the dungeon, and saw 4 of its levels.

You collected 106 gold pieces.

Inventory:

Missiles
 d - 7 boomerangs (quivered)
Armour
 i - a +0 buckler (worn)
Scrolls
 a - 2 scrolls of identify {unknown}
 b - 2 scrolls of teleportation {unknown}
 c - a scroll of fog {unknown}
 f - a scroll of enchant weapon {unknown}
 g - 4 scrolls of magic mapping {unknown}
 h - a scroll of vulnerability {unknown}
Potions
 e - a potion of invisibility {unknown}


   Skills:
 + Level 2.4 Fighting
 + Level 3.0 Dodging
 + Level 0.8 Shields
 + Level 3.7 Unarmed Combat
 + Level 2.8 Spellcasting
 + Level 3.0 Transmutations
 + Level 2.1 Poison Magic


You had 4 spell levels left.
You knew the following spells:

 Your Spells              Type           Power      Damage    Failure   Level
a - Beastly Appendage     Tmut           22%        N/A       9%          1
b - Wereblood             Tmut           11%        N/A       14%         2
c - Spider Form           Tmut/Pois      4%         N/A       32%         3

Your spell library contained the following spells:

 Spells                   Type           Power      Damage    Failure   Level
 Ice Form                 Ice/Tmut       6%         N/A       86%         4
 Hydra Form               Tmut           5%         N/A       94%         5


Dungeon Overview and Level Annotations

Branches:
Dungeon (4/15)
 Temple: D:4-7

Altars:
Zin


Innate Abilities, Weirdness & Mutations

One of your tentacles has grown a beastly spike.
You cannot wear most types of armour.
You are amphibious.
You can wear up to eight rings at the same time.
Your skin changes colour to match your surroundings (Stealth+).
Your rubbery body absorbs attacks. (AC +1, EV +1)
((You are camouflaged near water. (Stealth+)))
You have tentacles for arms and can constrict up to eight enemies at once.


Message History

Your Dodging skill increases to level 3!
Your Transmutations skill increases to level 3!
You have reached level 6!
Your experience leads to an increase in your attributes!
Increase (S)trength, (I)ntelligence, or (D)exterity?
You feel agile. The scorpion barely misses you.
You block the scorpion's attack.
Your transformation is almost over.
There is a stone staircase leading up here.
Magic restored.
The scorpion stings you but does no damage.
You climb upwards.
There is a stone staircase leading down here.
You tentacle-slap the scorpion but do no damage.
You grab the scorpion.
You pierce the scorpion.
You squeeze the scorpion.
The scorpion is moderately wounded.
You constrict the scorpion. The scorpion closely misses you.
You tentacle-slap the scorpion.
You pierce the scorpion, but do no damage.
The scorpion is severely wounded.
You constrict the scorpion, but do no damage.
The scorpion barely misses you. The scorpion stings you.
* * * LOW HITPOINT WARNING * * *
You are lethally poisoned!
The scorpion poisons you!
You tentacle-slap the scorpion.
You pierce the scorpion, but do no damage.
The scorpion is severely wounded.
You constrict the scorpion, but do no damage.
* * * LOW HITPOINT WARNING * * *
You feel very sick. You block the scorpion's attack.
You tentacle-slap the scorpion but do no damage.
You pierce the scorpion.
The scorpion is almost dead.
You constrict the scorpion, but do no damage.
* * * LOW HITPOINT WARNING * * *
You feel sick. The scorpion stings you!
You die...

####### #......
#.##### #.# #.# #.#
#.#####
############......
#@s...............
##########.#.....####
#........#.#.###.# #
#........#.#.###+####
#........#.#.##...#..
#........#.#.##(..#..
#........#.#.##...#..
#........'.#.........
#........#######'####


You could see a scorpion.

Vanquished Creatures
  A necrophage (D:2)
  A hound (D:4)
  An iguana (D:4)
  2 worms (D:2)
  A dart slug (D:1)
  6 orcs
  10 ball pythons
  4 endoplasms
  15 giant cockroaches
  5 goblins
  4 hobgoblins
  4 jackals (D:1)
  3 quokkas
  2 bats
  3 frilled lizards
  7 kobolds
  3 rats (D:2)
72 creatures vanquished.

Vanquished Creatures (others)
  17 fungi (D:4)
17 creatures vanquished.

Grand Total: 89 creatures vanquished

Notes
Turn   | Place    | Note
-------+----------+-------------------------------------------
     0 | D:1      | voltaire321 the Octopode Transmuter began the quest for the
                  | Orb.
     0 | D:1      | Reached XP level 1. HP: 13/13 MP: 3/3
   111 | D:1      | Reached XP level 2. HP: 15/18 MP: 3/5
   402 | D:1      | Reached XP level 3. HP: 18/23 MP: 4/6
   508 | D:1      | Found a faded altar of an unknown god.
   656 | D:1      | Learned a level 2 spell: Wereblood
   660 | D:1      | Learned a level 3 spell: Spider Form
   809 | D:2      | Found a glowing silver altar of Zin.
   981 | D:2      | Noticed a necrophage
   993 | D:2      | Killed a necrophage
   994 | D:2      | Reached skill level 1 in Poison Magic
   994 | D:2      | Reached XP level 4. HP: 26/29 MP: 5/7
   994 | D:2      | Reached XP level 5. HP: 30/34 MP: 5/8
  2838 | D:4      | Reached XP level 6. HP: 15/41 MP: 8/10
  2855 | D:3      | Slain by a scorpion

Illustrated notes

Levels and vault maps discovered:
D:1:      nzn_arrival_depleted_hourglass, layout_basic,
          ebering_ecumenical_altar_webs
D:2:      layout_loops_ring, basic_altar, minmay_hexomino_u4
D:3:      minmay_roachtagon, layout_basic
D:4:      layout_rooms, serial_aquarium, aquarium_bridge_long_joined
          [aquarium_subvault_bridge, aquarium_subvault_bridge,
          aquarium_subvault_balcony, aquarium_subvault_wall,
          aquarium_subvault_wall, aquarium_subvault_bridge],
          aquarium_bridge_square [aquarium_subvault_bridge,
          aquarium_subvault_balcony, aquarium_subvault_wall,
          aquarium_subvault_wall], aquarium_window_corridor_2,
          aquarium_window_fake, aquarium_window_1, aquarium_window_fake,
          aquarium_view_2c, nrook_mini_backslash

Skill      XL: |  1  2  3  4  5 |
---------------+----------------+-----
Fighting       | 2 |  2.4
Poison Magic   | 1 2 |  2.1
Dodging        | 3 |  3.0
Transmutations | 3 |  3.0
Shields        | |  0.8
Unarmed Combat | |  3.7
Spellcasting   | |  2.8

Action                   |  1- 3 |  4- 6 || total
-------------------------+-------+-------++-------
Melee: Unarmed           |    66 |    96 ||   162
       Kick              |    20 |    26 ||    46
       Constrict         |    19 |    23 ||    42
       Tentacles         |     7 |    13 ||    20
       Punch             |     1 |     2 ||     3
Throw: Boomerang         |    16 |       ||    16
 Cast: Beastly Appendage |    17 |    25 ||    42
 Stab: Sleeping          |       |     3 ||     3
Armor: Skin              |     5 |     8 ||    13
Dodge: Dodged            |    36 |    59 ||    95
Block: Buckler           |       |     6 ||     6

Table legend: (Time is in decaauts)
 A = Elapsed time spent in this place.
 B = Non-inter-level travel time spent in this place.
 C = Inter-level travel time spent in this place.
 D = Time resting spent in this place.
 E = Time spent auto-exploring this place.
 F = Levels seen in this place.
 G = Mean time per level.
                   A        B        C        D        E       F      G
               +--------+--------+--------+--------+--------+-----+--------+
         Total |   2854 |   2854 |      0 |    697 |   1417 |   4 |  713.5 |
       Dungeon |   2854 |   2854 |      0 |    697 |   1417 |   4 |  713.5 |
               +--------+--------+--------+--------+--------+-----+--------+

Top non-repeatable levels by time:
     D:2: 1023 daAuts
     D:3: 885 daAuts
     D:1: 791 daAuts
     D:4: 154 daAuts
